 Dungeon Crawl Stone Soup version 0.16-a0-2979-g562a0a4 (console) character file.

965 nht the Martial Artist (level 8, 0/53 (54) HPs)
             Began as a Merfolk Transmuter on Dec 5, 2014.
             Was a Believer of Yredelemnul.
             Succumbed to a gnoll's poison
             ... on level 5 of the Dungeon.
             The game lasted 00:08:27 (4633 turns).

nht the Martial Artist (Merfolk Transmuter)         Turns: 4633, Time: 00:08:28

HP:   0/53 (54)     AC:  2    Str: 11    XL:     8   Next: 15%
MP:   12/13         EV: 21    Int: 14    God:    Yredelemnul [**....]
Gold: 220           SH:  0    Dex: 21    Spells: 2 memorised, 4 levels left

rFire  . . .     SeeInvis .       - Unarmed
rCold  . . .     Clarity  .     c - melded +1 robe
rNeg   . . .     SustAb   .     (shield currently unavailable)
rPois  x         Gourm    .     (helmet currently unavailable)
rElec  .         Spirit   .     (cloak currently unavailable)
rCorr  .         Warding  .     (gloves currently unavailable)
rMut   .         Stasis   .     (boots currently unavailable)
MR     .....                    (no amulet)
Stlth  ++........               (no ring)
                                n - +2 ring of dexterity

@: lethally poisoned, spider-form (expiring), not resistant to hostile
enchantments, unstealthy
A: (change form in water), (swift swim)
a: End Transformation, Animate Remains, Recall Undead Slaves, Injury Mirror,
Renounce Religion


You were on level 5 of the Dungeon.
You worshipped Yredelemnul.
Yredelemnul was pleased with you.
You were not hungry.
You were a venomous arachnid creature.
You visited 1 branch of the dungeon, and saw 5 of its levels.

You collected 220 gold pieces.

Inventory:

Missiles
 b - 24 arrows
Armour
 c - a +1 robe (melded)
Jewellery
 n - a +2 ring of dexterity (left front leg)
Magical devices
 e - a wand of slowing (13)
Scrolls
 i - a scroll of immolation
 k - a scroll of fear
 l - a scroll of teleportation
 q - 3 scrolls of amnesia
Books
 d - a book of Changes

   Spells                             Type                      Level
   a - Beastly Appendage              Transmutation                1
   b - Sticks to Snakes               Transmutation                2
   c - Spider Form                    Transmutation/Poison         3
   d - Ice Form                       Ice/Transmutation            4
   e - Blade Hands                    Transmutation                5
 g - a book of Spatial Translocations

   Spells                             Type                      Level
   a - Apportation                    Translocation                1
   b - Blink                          Translocation                2
   c - Shroud of Golubria             Charms/Translocation         2
   d - Portal Projectile              Translocation                3
   e - Teleport Other                 Translocation                3
   f - Passage of Golubria            Translocation                4
Comestibles
 a - 4 bread rations
 j - 3 meat rations
 p - a fruit


   Skills:
 - Level 1.1 Fighting
 - Level 2.6 Dodging
 * Level 8.6 Unarmed Combat
 - Level 2.0 Spellcasting
 + Level 7.4 Transmutations
 + Level 1.2 Invocations


You had 4 spell levels left.
You knew the following spells:

 Your Spells              Type           Power        Failure   Level  Hunger
a - Ice Form              Ice/Trmt       ##......     78%         4    #####..
b - Spider Form           Trmt/Pois      ##........   36%         3    ####...


Dungeon Overview and Level Annotations

Branches:
Dungeon (5/15)
 Temple: D:4-7

Altars:
Ashenzari
Cheibriados
Gozag
Ru
Vehumet
Yredelemnul


Message History

Okay, then.
There isn't anything to butcher here.
Eat a chunk of flesh? (ye/n/q/i?) This raw flesh tastes terrible.
* * * LOW HITPOINT WARNING * * *
You feel very sick.
You continue eating.
* * * LOW HITPOINT WARNING * * *
You feel very sick.
You continue eating.
* * * LOW HITPOINT WARNING * * *
You feel sick.
You aren't carrying any potions.
Your transformation is almost over.
* * * LOW HITPOINT WARNING * * *
You feel very sick.
* * * LOW HITPOINT WARNING * * *
You feel sick.
You die...
Your body rises from the dead as a mindless zombie.

█████..Z.█
█.██.██.█
████....█
█.██.██.███
█....Z█.█
█.██.....†.
█.██Z...█
█.█████.███
.██.██.██.████
█.█████.█ █
..........██.██
█.......█ █
█.████......█.█


█████████ █ █......███.████████ █......███Z.....$.. █..█.....Z█████████
.......██s█ ..███.██.█ . ..██.█ ████.█ .). ... ... ..... ... You could see a
friendly scorpion zombie and a friendly ogre zombie.

Vanquished Creatures
  Grinder (D:3)
  A necrophage (D:5)
  An ogre (D:5)
  A scorpion (D:5)
  An orc priest (D:3)
  An orc wizard (D:3)
  An iguana (D:5)
  5 worker ants
  Terence (D:3)
  Robin (D:2)
  7 adders
  11 gnolls
  A giant mite (D:3)
  3 worms (D:2)
  2 adder skeletons
  3 giant geckos
  An ooze (D:4)
  11 orcs
  A bat zombie (D:3)
  6 giant cockroaches
  13 goblins
  15 hobgoblins
  10 jackals
  7 bats
  A giant gecko skeleton (D:5)
  4 giant newts
  11 kobolds
  A quokka skeleton (D:5)
  4 rats
126 creatures vanquished.

Notes
Turn   | Place    | Note
--------------------------------------------------------------
     0 | D:1      | nht, the Merfolk Transmuter, began the quest for the Orb.
     0 | D:1      | Reached XP level 1. HP: 15/15 MP: 3/3
   430 | D:1      | Reached XP level 2. HP: 19/21 MP: 2/4
   730 | D:1      | Reached skill level 4 in Unarmed Combat
   949 | D:1      | Reached XP level 3. HP: 11/26 MP: 4/6
  1120 | D:2      | Found an opulent altar of Gozag.
  1178 | D:2      | Found a sacrificial altar of Ru.
  1297 | D:2      | Reached XP level 4. HP: 32/32 MP: 5/7
  1738 | D:2      | Found a radiant altar of Vehumet.
  1740 | D:2      | Found a basalt altar of Yredelemnul.
  1816 | D:3      | Reached skill level 5 in Unarmed Combat
  1856 | D:2      | Became a worshipper of Yredelemnul the Dark
  1868 | D:2      | Learned a level 3 spell: Spider Form
  1982 | D:3      | Noticed Robin
  2073 | D:2      | Learned a level 4 spell: Ice Form
  2082 | D:2      | Killed Robin
  2082 | D:2      | Reached XP level 5. HP: 19/37 MP: 3/9
  2243 | D:3      | Noticed Grinder
  2531 | D:2      | Acquired Yredelemnul's first power
  2936 | D:3      | Killed Grinder
  2936 | D:3      | Reached skill level 6 in Unarmed Combat
  2936 | D:3      | Reached skill level 5 in Transmutations
  2936 | D:3      | Reached XP level 6. HP: 26/43 MP: 7/10
  2964 | D:3      | Reached skill level 7 in Unarmed Combat
  3240 | D:3      | Noticed Terence
  3240 | D:3      | Reached XP level 7. HP: 46/48 MP: 9/12
  3254 | D:3      | Killed Terence
  3475 | D:3      | Found a shattered altar of Ashenzari.
  4247 | D:5      | Entered Level 5 of the Dungeon
  4292 | D:5      | Reached skill level 8 in Unarmed Combat
  4476 | D:5      | Acquired Yredelemnul's second power
  4499 | D:5      | Reached XP level 8. HP: 41/54 MP: 8/13
  4571 | D:5      | Found a snail-covered altar of Cheibriados.
  4623 | D:5      | Reached skill level 1 in Invocations
  4632 | D:5      | HP: 2/53 [poisoned by a gnoll]
  4633 | D:5      | Succumbed to a gnoll's poison

Action                   |  1- 3 |  4- 6 |  7- 9 || total
-------------------------+-------+-------+-------++-------
Melee: Unarmed           |    71 |   143 |   132 ||   346
 Cast: Beastly Appendage |    17 |     7 |       ||    24
       Spider Form       |       |    15 |    22 ||    37
       Ice Form          |       |     1 |       ||     1
Invok: Animate Remains   |       |       |     2 ||     2
  Use: Potion            |     4 |     6 |     2 ||    12
       Scroll            |       |     9 |     2 ||    11
 Stab: Sleeping          |       |     2 |     4 ||     6
  Eat: Chunk             |     2 |     9 |     9 ||    20
       Fruit             |       |     1 |       ||     1
